 Dungeon Crawl Stone Soup version 0.30-a0-718-geaa24f58ff (webtiles) character file.

Game seed: 15571111824636764968

107 MackTheKnife the Twirler (level 4, -10/24 HPs)
             Began as a Deep Elf Wanderer on Jan 26, 2023.
             Killed by nerve-wracking pain
             ... invoked by an orc priest
              (13 damage)
             ... on level 3 of the Dungeon.
             The game lasted 00:02:27 (2458 turns).

MackTheKnife the Twirler (Deep Elf Wanderer)        Turns: 2458, Time: 00:02:27

Health: -10/24     AC:  4    Str:  6    XL:     4   Next: 57%
Magic:  1/11       EV: 11    Int: 19    God:
Gold:   117        SH:  0    Dex: 17    Spells: 7/10 levels left

rFire   . . .      SeeInvis .    a - +0 quarterstaff {staff}
rCold   . . .      Faith    .    (shield currently unavailable)
rNeg    . . .      Spirit   .    d - +0 robe
rPois   .          Reflect  .    b - +0 helmet
rElec   .          Harm     .    (no cloak)
rCorr   .          Rampage  .    g - +0 pair of gloves
Will    .....                    (no boots)
Stlth   ++                       (no amulet)
HPRegen 0.24/turn                o - ring of wizardry
MPRegen 0.12/turn                (no ring)

@: no status effects
A: no striking features
a: no special abilities


You were on level 3 of the Dungeon.
You visited 1 branch of the dungeon, and saw 3 of its levels.

You collected 117 gold pieces.


   Skills:
 - Level 5.0 Staves
 - Level 1.0 Throwing
 - Level 1.2 Stealth
 + Level 3.6 Spellcasting
 + Level 2.5 Conjurations
 + Level 3.2 Air Magic


You had 7 spell levels left.
You knew the following spells:

 Your Spells              Type           Power      Damage    Failure   Level
a - Shock                 Conj/Air       56%        1d6       1%          1
b - Poisonous Vapours     Pois/Air       18%        N/A       4%          2

Your spell library contained the following spells:

 Spells                   Type           Power      Damage    Failure   Level
 Vhi's Electric Charge    Tloc/Air       18%        N/A       9%          3

Inventory:

Hand Weapons
 a - a +0 quarterstaff (weapon) {staff}
Armour
 b - a +0 helmet (worn)
 d - a +0 robe (worn)
 g - a +0 pair of gloves (worn)
   (You found it on level 1 of the Dungeon)
Magical Staves
 n - a staff of death {!astaff}
   (You found it on level 2 of the Dungeon)
Jewellery
 o - a ring of wizardry (left hand)
   (You found it on level 2 of the Dungeon)
Scrolls
 f - 2 scrolls of immolation {unknown}
 k - a scroll of teleportation {unknown}
 m - 2 scrolls of fear {unknown}
 q - a scroll of magic mapping {unknown}
Potions
 c - 3 potions of attraction {!q}
 e - 2 potions of brilliance {unknown}
 h - 3 potions of heal wounds {unknown}
 i - 3 potions of might {unknown}
 j - 2 potions of berserk rage {unknown}
 l - 2 potions of mutation {unknown}
 p - a potion of magic {unknown}
 r - a potion of curing {unknown}

Dungeon Overview and Level Annotations

Branches:
Dungeon (3/15) Zot: 15541

Altars:

##### ### #...# #..
#....
#.############.... #
#.#.......#.......
#.#.#.####....##....
#.#.#.# #....######
#.#.#.# #....#
#..@#.# #....#
##.o#.# #....# .
##.#.#####.#.# ..
#).....##.#.# ...
#^#.##.##.#.# #..
#.#.# .# #.. #.#.. #
#.#### #.#


You could see an orc priest.


Message History

😎 MP[-1]
You lost 1 mp, and now have 3/11 mp.
The zap hits the jackal.
You kill the jackal! 😎 MP[-1]
You lost 1 mp, and now have 2/11 mp.
Your magical contamination has completely faded away.
Key pressed, stopping explore.
An orc comes into view.
It is wielding a +0 short sword. 😎 MP[+7]
You regained 7 mp, and now have 9/11 mp.
An orc is nearby!
An orc is nearby!
The zap misses the orc.
The orc shouts!
You hear a shout!
The orc drinks a potion.
The orc suddenly seems more resistant. 😎 MP[-1]
You lost 1 mp, and now have 8/11 mp.
The zap hits the orc.
The orc resists. 😎 MP[-1]
You lost 1 mp, and now have 7/11 mp.
The zap hits the orc.
The orc resists. 😎 MP[-1]
You lost 1 mp, and now have 6/11 mp.
The zap misses the orc. 😎 MP[-1]
You lost 1 mp, and now have 5/11 mp.
The zap misses the orc.
The orc closely misses you. 😎 MP[-1]
You lost 1 mp, and now have 4/11 mp.
The zap hits the orc.
The orc completely resists.
The orc hits you with a +0 short sword. 😕 HP[-3]
You take 3 damage, and now have 21/24 hp.
The zap misses the orc. 😕 HP[+1] MP[-1]
You lost 1 mp, and now have 3/11 mp.
You completely miss the orc. The orc hits you but does no damage.
You hit the orc.
You kill the orc!
No target in view!
No target in view!
An orc priest comes into view.
It is wielding a +1 rapier of electrocution. 😕 HP[+1]
An orc priest is nearby!
An orc priest is nearby!
An orc priest is nearby!
The zap hits the orc priest. x2
The zap hits the orc priest.
The orc priest calls down the wrath of Beogh upon you.
Beogh smites you!
Ouch! That really hurt!
* * * LOW HITPOINT WARNING * * *
😨 HP[-11] MP[-1]
You take 11 damage, and now have 12/24 hp.
MASSIVE DAMAGE!! (PAUSE)
You lost 1 mp, and now have 2/11 mp.
Press: ? - help, v - describe, . - travel
Here: an orc priest, wielding a +1 rapier of electrocution and wearing a +0 leather armour (severely wounded)
The floor.
Unknown command.
Casting: Shock (safe; 1% risk of failure)
Confirm with . or Enter, or press ? or * to list all spells.
Aiming: Shock (safe; 1% risk of failure)
Press: ? - help, Shift-Dir - straight line, f/p - orc priest
Aim: an orc priest, wielding a +1 rapier of electrocution and wearing a +0 leather armour (severely wounded, 71% to hit)
Okay, then.
Unknown command.
Casting: Shock (safe; 1% risk of failure)
Confirm with . or Enter, or press ? or * to list all spells.
Aiming: Poisonous Vapours (safe; 4% risk of failure)
Press: ? - help, Dir - move target, f/p - orc priest
Aim: an orc priest, wielding a +1 rapier of electrocution and wearing a +0 leather armour (severely wounded) Poisonous vapours surround the orc priest!
The orc priest is poisoned. 😨 MP[-2]
You lost 2 mp, and now have 0/11 mp.
Unknown command.
You see here a jackal corpse. 😮 HP[+1]
You hit the orc priest but do no damage.
The orc priest hits you with a +1 rapier of electrocution.
* * * LOW HITPOINT WARNING * * *
😨 HP[-4]
You take 4 damage, and now have 9/24 hp.
You hit the orc priest but do no damage.
The orc priest hits you with a +1 rapier of electrocution!
* * * LOW HITPOINT WARNING * * *
😱 HP[-7] MP[+1]
You take 7 damage, and now have 2/24 hp.
MASSIVE DAMAGE!! (PAUSE)
You hit the orc priest but do no damage.
The orc priest hits you but does no damage. 😱 HP[+1]
You barely miss the orc priest.
The orc priest looks more healthy.
The orc priest invokes the aid of Beogh against you.
Pain shoots through your body!
Ouch! That really hurt!
You die...

Skill      XL: |  1  2  3 |
---------------+----------+-----
Spellcasting   | 2 3 |  3.6
Conjurations   | 1 2 |  2.5
Air Magic      | 3 |  3.2
Staves         | |  5.0
Throwing       | |  1.0
Stealth        | |  1.2

Action                     |  1- 3 |  4- 6 || total
---------------------------+-------+-------++-------
  Melee: Quarterstaff      |     4 |     6 ||    10
   Cast: Shock             |    82 |    24 ||   106
         Poisonous Vapours |       |     3 ||     3
 Armour: Robe              |     2 |     4 ||     6
  Dodge: Dodged            |     6 |     1 ||     7

Levels and vault maps discovered:
D:1:      minmay_arrival_checkered_box, layout_basic, feat_on_display
D:2:      layout_basic
D:3:      layout_basic, trog_hazing_becter, kennysheep_jessica_study,
          uniq_crazy_yiuf_cottage

Notes
Turn   | Place    | Note
-------+----------+-------------------------------------------
     0 | D:1      | MackTheKnife the Deep Elf Wanderer began the quest for the
                  | Orb.
     0 | D:1      | MackTheKnife set off with the following items: a +0
                  | quarterstaff {staff}, a +0 helmet, a potion of attraction
                  | {!q}, a +0 robe; and the following spell memorised: Shock;
                  | and the following spells available to memorise: Poisonous
                  | Vapours, Vhi's Electric Charge.
     0 | D:1      | Reached XP level 1. HP: 10/10 MP: 5/5
     0 | D:1      | magus.rc [v1.9.6]
   422 | D:1      | Reached skill level 2 in Spellcasting
   487 | D:1      | Reached skill level 1 in Conjurations
   487 | D:1      | Reached XP level 2. HP: 15/15 MP: 1/7
  1343 | D:2      | Reached XP level 3. HP: 19/19 MP: 5/8
  2163 | D:3      | Reached skill level 3 in Spellcasting
  2163 | D:3      | Reached skill level 2 in Conjurations
  2163 | D:3      | Reached skill level 3 in Air Magic
  2163 | D:3      | Reached XP level 4. HP: 23/24 MP: 3/10
  2166 | D:3      | Learned a level 2 spell: Poisonous Vapours
  2456 | D:3      | HP: 2/24 [orc priest/+1 rapier of electrocution (7)]
  2458 | D:3      | Killed from afar by an orc priest

Vanquished Creatures
  A hound (D:3)
  An orc wizard (D:3)
  A worm (D:2)
  2 dart slugs
  An orc (D:3)
  5 endoplasms
  2 giant cockroaches (D:1)
  2 goblins
  5 hobgoblins
  3 jackals (D:3)
  4 quokkas
  4 ball pythons
  A bat (D:3)
  2 frilled lizards (D:1)
  3 kobolds
  5 rats
42 creatures vanquished.

Table legend:
 A = Non-vault XP
 B = Vault XP
 C = Vault XP percentage of total XP
 D = Non-vault monster count
 E = Vault monster count
 F = Vault count percentage of total count
                 A         B        C        D         E       F
            +---------+---------+-------+---------+---------+-------
      Total |     154 |       0 |   0.0 |      42 |       0 |   0.0
            +---------+---------+-------+---------+---------+-------
        D:1 |      37 |       0 |   0.0 |      22 |       0 |   0.0
        D:2 |      21 |       0 |   0.0 |      10 |       0 |   0.0
        D:3 |      96 |       0 |   0.0 |      10 |       0 |   0.0
            +---------+---------+-------+---------+---------+-------

Illustrated notes

Table legend:
 A = Kills in this place as a percentage of kills in entire the game.
 B = Kills by you in this place as a percentage of kills by you in the entire game.
 C = Kills by friends in this place as a percentage of kills by friends in the entire game.
 D = Other kills in this place as a percentage of other kills in the entire game.
 E = Experience gained in this place as a percentage of experience gained in the entire game.
 F = Experience gained in this place divided by the number of levels of this place that you have seen.
                   A       B       C       D       E      F
               +-------+-------+-------+-------+-------+----------------------
         Total | 100.0 | 100.0 |   N/A |   N/A | 100.0 |  51.3
       Dungeon | 100.0 | 100.0 |   N/A |   N/A | 100.0 |  51.3
               +-------+-------+-------+-------+-------+----------------------

Table legend: (Time is in decaauts)
 A = Elapsed time spent in this place.
 B = Non-inter-level travel time spent in this place.
 C = Inter-level travel time spent in this place.
 D = Time resting spent in this place.
 E = Time spent auto-exploring this place.
 F = Levels seen in this place.
 G = Mean time per level.
                   A        B        C        D        E       F      G
               +--------+--------+--------+--------+--------+-----+--------+
         Total |   2457 |   2378 |     79 |     81 |   2083 |   3 |  819.0 |
       Dungeon |   2457 |   2378 |     79 |     81 |   2083 |   3 |  819.0 |
               +--------+--------+--------+--------+--------+-----+--------+

Top non-repeatable levels by time:
     D:1: 1310 daAuts
     D:2: 746 daAuts
     D:3: 401 daAuts
